[Event "January 9 Late 2024"]
[Site "https://www.chess.com"]
[Date "2024.01.09"]
[Round "2"]
[White "Oliveira, Tiago Batista"]
[Black "Cilek, Bora"]
[Result "0-1"]
[Board "239"]
[TimeControl "180+1"]
[WhiteFideId "2108291"]
[BlackFideId "34502165"]
[WhiteElo "2022"]
[BlackElo "2451"]
[WhiteTeam "BRA"]
[BlackTeam "TUR"]
[WhiteClock "0:00:00"]
[BlackClock "0:00:07"]

1. d4 c5 2. d5 g6 3. c4 Bg7 4. g3 d6 5. Bg2 e6 6. Nf3 exd5 7. cxd5 Nf6 8. O-O O-O 9. Nc3 Re8 10. Bf4 Ne4 11. Nxe4 Rxe4 12. Nd2 Rb4 13. a4 Na6 14. Ra3 Bxb2 15. Rb3 Bg7 16. Rxb4 Nxb4 17. Nc4 Bf8 18. e4 b6 19. e5 dxe5 20. Nxe5 Bb7 21. Qb3 Bxd5 22. Bxd5 Qxd5 23. Qb1 Rd8 24. Ng4 Bg7 25. Bh6 Qd3 26. Qc1 Bh8 27. Qg5 Qd4 28. Re1 Nd3 29. Re7 Nxf2 30. Nxf2 Bf6 31. Qe3 Bxe7 32. Qxe7 c4 33. Kg2 c3 34. Ne4 c2 35. Nf6+ Kh8 36. Ne8 Qd5+ 37. Kh3 Qd7+ 38. Qxd7 Rxd7 39. Bg7+ Kg8 40. Nf6+ Kxg7 41. Nxd7 c1=Q 0-1

[Event "January 9 Late 2024"]
[Site "https://www.chess.com"]
[Date "2024.01.09"]
[Round "2"]
[White "Joie, Sebastien"]
[Black "Winkels, Marcel"]
[Result "1-0"]
[Board "240"]
[TimeControl "180+1"]
[WhiteFideId "650420"]
[BlackFideId "1003887"]
[WhiteElo "2449"]
[BlackElo "2002"]
[WhiteTeam "FRA"]
[BlackTeam "NED"]
[WhiteClock "0:01:51"]
[BlackClock "0:00:25"]

1. d4 Nf6 2. c4 e5 3. dxe5 Ng4 4. Nf3 Bc5 5. e3 Nc6 6. a3 a5 7. b3 Ngxe5 8. Bb2 d6 9. Nc3 Qe7 10. Be2 Be6 11. O-O O-O-O 12. Nd5 Bxd5 13. cxd5 Nb8 14. b4 Bb6 15. bxa5 Bxa5 16. Qa4 Nxf3+ 17. Bxf3 Bb6 18. Bg4+ Rd7 19. Rac1 g6 20. Bxd7+ Nxd7 21. Bxh8 1-0

[Event "January 9 Late 2024"]
[Site "https://www.chess.com"]
[Date "2024.01.09"]
[Round "2"]
[White "Mazurkiewicz, Michal"]
[Black "Nicula, Marius"]
[Result "1-0"]
[Board "241"]
[TimeControl "180+1"]
[WhiteFideId "1124943"]
[BlackFideId "1203096"]
[WhiteElo "2449"]
[BlackElo "2001"]
[WhiteTeam "POL"]
[BlackTeam "CAN"]
[WhiteClock "0:00:11"]
[BlackClock "0:00:00"]

1. e4 g6 2. d4 Bg7 3. Nc3 c6 4. f4 d5 5. e5 Nh6 6. Bd3 f6 7. Nf3 Bg4 8. h3 Bxf3 9. Qxf3 e6 10. Ne2 O-O 11. exf6 Qxf6 12. O-O Nf5 13. c3 Nd7 14. g4 Nd6 15. Ng3 c5 16. Be3 Kh8 17. dxc5 Nc4 18. Bxc4 dxc4 19. Qxb7 Qh4 20. Kg2 Nf6 21. Bf2 Rab8 22. Qf3 Nd5 23. Ne2 Qe7 24. Rab1 Be5 25. Be3 Qc7 26. Qe4 Bg7 27. Bd4 e5 28. Bxe5 Bxe5 29. fxe5 Qxc5 30. Rxf8+ Rxf8 31. Qd4 Ne3+ 32. Kg3 Qc6 33. Qxe3 Rd8 34. Nd4 Qa4 35. e6 Rxd4 36. Qxd4+ 1-0

[Event "January 9 Late 2024"]
[Site "https://www.chess.com"]
[Date "2024.01.09"]
[Round "2"]
[White "Smirnov, Timofey"]
[Black "Bold, Andre"]
[Result "0-1"]
[Board "242"]
[TimeControl "180+1"]
[WhiteFideId "24176427"]
[BlackFideId "16208471"]
[WhiteElo "1991"]
[BlackElo "2448"]
[WhiteTeam "RUS"]
[BlackTeam "GER"]
[WhiteClock "0:00:00"]
[BlackClock "0:00:18"]

1. e4 c6 2. d4 d5 3. exd5 cxd5 4. c4 Nf6 5. Nc3 e6 6. Nf3 Bb4 7. c5 O-O 8. Bd3 Ne4 9. Bd2 Nxd2 10. Qxd2 h6 11. O-O b6 12. a3 Bxc3 13. Qxc3 bxc5 14. Qxc5 Ba6 15. Bxa6 Nxa6 16. Qc3 Nc7 17. Rfc1 Ne8 18. Ne5 Nd6 19. b4 Rc8 20. Qd3 Qe7 21. Rc5 Ne4 22. Rxc8 Rxc8 23. f3 Nd6 24. b5 Qc7 25. Nc6 Nxb5 26. Rc1 Nd6 27. Qa6 Kh8 28. Rc5 Qb6 29. Ra5 Rxc6 30. Qxa7 Qxa7 31. Rxa7 Rc4 32. a4 Rxd4 33. a5 Kh7 34. Rd7 Nc4 35. a6 Rd1+ 36. Kf2 Ra1 37. a7 Kg6 38. Ke2 Ra3 39. Rc7 Kf6 40. Kd1 Nd6 41. Kc2 Nb5 42. Rc8 Rxa7 43. Rb8 Rc7+ 0-1

[Event "January 9 Late 2024"]
[Site "https://www.chess.com"]
[Date "2024.01.09"]
[Round "2"]
[White "Boraso, Alessio"]
[Black "Burke, Paul"]
[Result "1-0"]
[Board "243"]
[TimeControl "180+1"]
[WhiteFideId "848077"]
[BlackFideId "2605767"]
[WhiteElo "2448"]
[BlackElo "1886"]
[WhiteTeam "ITA"]
[BlackTeam "CAN"]
[WhiteClock "0:01:17"]
[BlackClock "0:00:00"]

1. Nf3 a6 2. g3 d6 3. Bg2 g6 4. O-O Bg7 5. d4 Nd7 6. e4 h6 7. Nc3 e6 8. Re1 Ne7 9. a4 O-O 10. a5 c5 11. h4 cxd4 12. Nxd4 Nc5 13. b4 Nd7 14. Be3 Nc6 15. Rb1 Nxd4 16. Bxd4 e5 17. Be3 Nf6 18. Nd5 Nxd5 19. Qxd5 Be6 20. Qd3 Qd7 21. Red1 d5 22. exd5 Bh3 23. c4 Bxg2 24. Kxg2 f5 25. d6 f4 26. Qd5+ Kh7 27. Bb6 f3+ 28. Kh2 Rf4 29. Rg1 Raf8 30. b5 R8f5 31. bxa6 Rh5 32. Rg2 Rfxh4+ 33. gxh4 Rxh4+ 34. Kg1 Qh3 35. Kf1 fxg2+ 36. Qxg2 Qd3+ 37. Kg1 Qxb1+ 38. Qf1 1-0

[Event "January 9 Late 2024"]
[Site "https://www.chess.com"]
[Date "2024.01.09"]
[Round "3"]
[White "Tang, Andrew"]
[Black "Nakamura, Hikaru"]
[Result "0-1"]
[Board "1"]
[TimeControl "180+1"]
[WhiteFideId "2059630"]
[BlackFideId "2016192"]
[WhiteElo "2890"]
[BlackElo "3205"]
[WhiteTeam "USA"]
[BlackTeam "USA"]
[WhiteClock "0:00:00"]
[BlackClock "0:01:05"]

1. d4 Nf6 2. c4 b6 3. f3 Nc6 4. e4 e5 5. dxe5 Nxe5 6. f4 Nc6 7. e5 Ne4 8. Nf3 Bc5 9. Qe2 Nf2 10. Rg1 Nb4 11. g3 Nfd3+ 12. Kd1 Nxc1 13. Kxc1 Bxg1 14. Nxg1 O-O 15. Bg2 Rb8 16. Nc3 d6 17. a3 Na6 18. Nf3 Nc5 19. Nd4 dxe5 20. Nc6 Nb3+ 21. Kb1 Nd4 22. Nxd8 Nxe2 23. Nc6 Nxc3+ 24. bxc3 Bf5+ 25. Kb2 Rbe8 26. Nxe5 f6 27. Bd5+ Be6 28. Nd7 Bxd5 0-1

[Event "January 9 Late 2024"]
[Site "https://www.chess.com"]
[Date "2024.01.09"]
[Round "3"]
[White "Firouzja, Alireza"]
[Black "Grigoriants, Sergey"]
[Result "1/2-1/2"]
[Board "2"]
[TimeControl "180+1"]
[WhiteFideId "12573981"]
[BlackFideId "4130804"]
[WhiteElo "3166"]
[BlackElo "2886"]
[WhiteTeam "FRA"]
[BlackTeam "HUN"]
[WhiteClock "0:00:05"]
[BlackClock "0:00:05"]

1. e4 e5 2. Nf3 Nc6 3. Bb5 a6 4. Ba4 Bc5 5. c3 Ba7 6. d4 Nge7 7. d5 b5 8. Bc2 Na5 9. Nxe5 d6 10. Nf3 Ng6 11. O-O O-O 12. a4 Nc4 13. axb5 axb5 14. Nd4 Bd7 15. Nd2 Bxd4 16. Rxa8 Bxf2+ 17. Rxf2 Qxa8 18. Nb3 c5 19. dxc6 Bxc6 20. Qe1 Re8 21. Re2 h6 22. Nd4 Bd7 23. h3 Qa7 24. Kh2 b4 25. Bb3 bxc3 26. bxc3 Qc5 27. Qg3 Rc8 28. Ra2 Qe5 29. Ra7 Qxg3+ 30. Kxg3 Nge5 31. Bf4 g5 32. Bc1 Kg7 33. h4 Kg6 34. hxg5 hxg5 35. Bc2 f6 36. Nf5 Bxf5 37. exf5+ Kh6 38. Be4 Nb6 39. Bd2 d5 40. Bb1 Nbc4 41. Be1 Nd6 42. Ra6 Rc6 43. Rxc6 Nxc6 44. Kf3 d4 45. Bg3 Nc4 46. Ke2 dxc3 47. Be4 N6e5 48. Be1 Nd6 49. Bc2 Nb5 50. Ba4 Nd4+ 51. Kd1 Nxf5 52. Bxc3 Ne3+ 53. Ke2 Nxg2 54. Bxe5 fxe5 55. Kf3 Nf4 56. Ke4 Ng6 57. Kf5 Nh4+ 58. Kxe5 g4 59. Kf4 g3 60. Kxg3 1/2-1/2

[Event "January 9 Late 2024"]
[Site "https://www.chess.com"]
[Date "2024.01.09"]
[Round "3"]
[White "Naroditsky, Daniel"]
[Black "Kozak, Adam"]
[Result "1/2-1/2"]
[Board "3"]
[TimeControl "180+1"]
[WhiteFideId "2026961"]
[BlackFideId "753246"]
[WhiteElo "3155"]
[BlackElo "2881"]
[WhiteTeam "USA"]
[BlackTeam "HUN"]
[WhiteClock "0:00:04"]
[BlackClock "0:00:03"]

1. e4 e5 2. Nf3 Nc6 3. Nc3 Nf6 4. g3 h6 5. Bg2 Bc5 6. d3 a5 7. O-O d6 8. h3 O-O 9. Be3 a4 10. a3 Qe7 11. Re1 Bxe3 12. fxe3 Nd8 13. Nh4 g6 14. Rf1 c6 15. Qf3 Nh5 16. Nf5 Bxf5 17. exf5 d5 18. f6 Qc7 19. Ne2 Qb6 20. Kh1 Qxb2 21. g4 Nxf6 22. Qxf6 Qxc2 23. Ng3 Qxd3 24. Qxe5 Ne6 25. Rfd1 Qc2 26. Rdc1 Qd3 27. Rd1 Qc2 28. h4 Rae8 29. Qf6 Ng7 30. Qf4 Qc3 31. e4 Ne6 32. Qf2 d4 33. Ne2 Qc5 34. Nc1 Qe7 35. Nd3 c5 36. Ne5 Qc7 37. Qf6 Ng7 38. Nd3 Re6 39. Qf2 b6 40. g5 hxg5 41. hxg5 Nh5 42. Bf3 Ng3+ 43. Kg2 Nxe4 44. Qh4 Qe7 45. Nf4 Qxg5+ 46. Qxg5 Nxg5 47. Nxe6 Nxe6 48. Rab1 Rb8 49. Bc6 Kf8 50. Bxa4 Ke7 51. Bb3 Kd6 52. Bxe6 fxe6 53. a4 Kd5 54. a5 b5 55. a6 b4 56. Kf3 Ra8 57. Ra1 Kc6 58. Rdc1 Kb5 59. a7 c4 60. Ke4 e5 61. Kxe5 d3 62. Rg1 c3 63. Kd4 d2 64. Rg5+ Kb6 65. Rxg6+ Kb5 66. Rg5+ Kb6 67. Kd3 Rxa7 68. Rg6+ Kb5 69. Rg5+ Kb6 70. Rh1 Rd7+ 71. Kc2 b3+ 72. Kxc3 d1=Q 73. Rxd1 Rxd1 74. Kxb3 Rd6 75. Kc4 1/2-1/2

[Event "January 9 Late 2024"]
[Site "https://www.chess.com"]
[Date "2024.01.09"]
[Round "3"]
[White "Dubov, Daniil"]
[Black "Pakleza, Zbigniew"]
[Result "1-0"]
[Board "4"]
[TimeControl "180+1"]
[WhiteFideId "24126055"]
[BlackFideId "1119290"]
[WhiteElo "3117"]
[BlackElo "2876"]
[WhiteTeam "RUS"]
[BlackTeam "POL"]
[WhiteClock "0:01:35"]
[BlackClock "0:00:24"]

1. d4 d5 2. Bf4 Nf6 3. e3 c5 4. Nd2 Nc6 5. c3 e6 6. Ngf3 Bd6 7. Bg3 O-O 8. Bb5 Ne7 9. Bd3 Nf5 10. Bxd6 Qxd6 11. O-O Qb6 12. Qb1 Ne7 13. Ne5 h6 14. f4 Bd7 15. a4 a6 16. Kh1 Qc7 17. g4 Ne8 18. g5 hxg5 19. fxg5 Nc6 20. Bh7+ Kh8 21. Rxf7 1-0

[Event "January 9 Late 2024"]
[Site "https://www.chess.com"]
[Date "2024.01.09"]
[Round "3"]
[White "Bernadskiy, Vitaliy"]
[Black "Nepomniachtchi, Ian"]
[Result "0-1"]
[Board "5"]
[TimeControl "180+1"]
[WhiteFideId "14100371"]
[BlackFideId "4168119"]
[WhiteElo "2871"]
[BlackElo "3116"]
[WhiteTeam "UKR"]
[BlackTeam "RUS"]
[WhiteClock "0:00:03"]
[BlackClock "0:00:19"]

1. e4 c5 2. Nc3 e6 3. d4 cxd4 4. Qxd4 Nc6 5. Qe3 a6 6. Nf3 b5 7. Be2 Bb7 8. O-O Qc7 9. Qg5 h6 10. Qh4 Be7 11. Qg4 g5 12. Qh3 Bf6 13. Re1 Nge7 14. Bd3 Ne5 15. Nxe5 Bxe5 16. Ne2 Ng6 17. Ng3 Nf4 18. Bxf4 gxf4 19. Nh5 Bxb2 20. Rab1 Bc3 21. Red1 Be5 22. c4 bxc4 23. Bxc4 Bxe4 24. Rbc1 Qb7 25. Re1 Rc8 26. Qa3 f5 27. Bxa6 Rxc1 28. Rxc1 Qb6 29. Bc8 Kf7 30. Bxd7 Rd8 31. Qa4 Rg8 32. g3 fxg3 33. hxg3 Bxg3 34. Be8+ Kf8 35. Nxg3 Rxg3+ 36. Kf1 Bd3+ 37. Ke1 Rg1+ 38. Kd2 Qxf2+ 39. Kxd3 Rg3+ 40. Kc4 Rg4+ 0-1

[Event "January 9 Late 2024"]
[Site "https://www.chess.com"]
[Date "2024.01.09"]
[Round "3"]
[White "Bortnyk, Olexandr"]
[Black "Durarbayli, Vasif"]
[Result "1-0"]
[Board "6"]
[TimeControl "180+1"]
[WhiteFideId "14120828"]
[BlackFideId "13402935"]
[WhiteElo "3111"]
[BlackElo "2864"]
[WhiteTeam "UKR"]
[BlackTeam "AZE"]
[WhiteClock "0:00:10"]
[BlackClock "0:00:00"]

1. e4 e5 2. Nf3 Nc6 3. Bb5 a6 4. Ba4 Nf6 5. Nc3 b5 6. Bb3 Bc5 7. Nd5 d6 8. c3 Nxd5 9. Bxd5 Bd7 10. d4 exd4 11. Bg5 f6 12. cxd4 fxg5 13. dxc5 dxc5 14. Rc1 Qe7 15. O-O g4 16. Nd2 Rd8 17. Re1 Ne5 18. Nb3 c4 19. Nd4 c6 20. f4 gxf3 21. Nxf3 Nd3 22. Qd2 Qc5+ 23. Kh1 Nxe1 24. Rxe1 Be6 25. Ng5 Bxd5 26. exd5+ Kd7 27. dxc6+ Kxc6 28. Qa5 Rhe8 29. Ne6 Qb6 30. Nxd8+ Qxd8 31. Qxa6+ Kc5 32. Qa7+ Kc6 33. Qa6+ Kc5 34. b4+ cxb3 35. Rc1+ Kd4 36. Qxb5 Ke3 37. Qxb3+ Kf4 38. Qg3+ Kf5 39. Rf1+ Ke6 40. Qxg7 1-0

[Event "January 9 Late 2024"]
[Site "https://www.chess.com"]
[Date "2024.01.09"]
[Round "3"]
[White "Chan, Yi Ren Daniel"]
[Black "Aronian, Levon"]
[Result "0-1"]
[Board "7"]
[TimeControl "180+1"]
[WhiteFideId "5801583"]
[BlackFideId "13300474"]
[WhiteElo "2858"]
[BlackElo "3104"]
[WhiteTeam "SGP"]
[BlackTeam "USA"]
[WhiteClock "0:00:01"]
[BlackClock "0:00:24"]

1. e4 c5 2. Nf3 e6 3. d4 cxd4 4. Nxd4 Nc6 5. Nc3 Qc7 6. Be2 Nf6 7. Bg5 Bb4 8. Qd3 a6 9. O-O Nxd4 10. Qxd4 Bc5 11. Qd3 b5 12. Rad1 Rb8 13. Rfe1 Rb6 14. Bxf6 gxf6 15. Qf3 Qe5 16. Bd3 Kf8 17. a3 h5 18. Bf1 h4 19. b4 Be7 20. Ne2 Rd6 21. Nf4 Bb7 22. Nd3 Qg5 23. Qh3 Rd4 24. f4 Qg6 25. Nf2 Rxd1 26. Rxd1 Bc6 27. Qe3 Kg7 28. Bd3 Bd8 29. Be2 Bc7 30. Bf3 e5 31. f5 Qg5 32. Qe2 Bb6 33. Kf1 a5 34. Nh3 Qh6 35. c3 Ra8 36. c4 bxc4 37. Qxc4 axb4 38. axb4 Ra4 39. Be2 Qe3 40. Qd3 Rxb4 41. Qxe3 Bxe3 42. Bd3 Rb2 43. g3 Rxh2 44. Ng1 hxg3 45. Nf3 Rf2+ 0-1

[Event "January 9 Late 2024"]
[Site "https://www.chess.com"]
[Date "2024.01.09"]
[Round "3"]
[White "Andreikin, Dmitry"]
[Black "Maksimovic, Bojan"]
[Result "1-0"]
[Board "8"]
[TimeControl "180+1"]
[WhiteFideId "4158814"]
[BlackFideId "14408120"]
[WhiteElo "3094"]
[BlackElo "2853"]
[WhiteTeam "FID"]
[BlackTeam "BIH"]
[WhiteClock "0:00:33"]
[BlackClock "0:00:14"]

1. e4 a6 2. a4 e6 3. d4 d5 4. Nd2 c5 5. exd5 exd5 6. Ngf3 Nc6 7. Be2 Nf6 8. O-O c4 9. b3 cxb3 10. c4 Be7 11. Nxb3 O-O 12. c5 b6 13. Ne5 Bb7 14. cxb6 Qxb6 15. Rb1 Qc7 16. Bf4 Nxe5 17. Bxe5 Qd7 18. Bxf6 gxf6 19. Bd3 f5 20. Qh5 Bc8 21. Rfe1 Bf6 22. Re3 Bg7 23. Rg3 Kh8 24. Re1 Qd6 25. Bxf5 Qh6 26. Qf3 Bxf5 27. Qxf5 Rae8 28. Rxe8 Rxe8 29. h3 Qe6 30. Qxe6 fxe6 31. Rd3 Kg8 32. Nc5 a5 33. Nb7 Kf7 34. Nd6+ 1-0

[Event "January 9 Late 2024"]
[Site "https://www.chess.com"]
[Date "2024.01.09"]
[Round "3"]
[White "Klukin, Kirill"]
[Black "Tabatabaei, M. Amin"]
[Result "0-1"]
[Board "9"]
[TimeControl "180+1"]
[WhiteFideId "24199273"]
[BlackFideId "12521213"]
[WhiteElo "2850"]
[BlackElo "3089"]
[WhiteTeam "RUS"]
[BlackTeam "IRI"]
[WhiteClock "0:00:07"]
[BlackClock "0:00:16"]

1. d4 d5 2. Nf3 Nf6 3. e3 c5 4. Bd3 Nc6 5. b3 cxd4 6. exd4 Bg4 7. Bb2 e6 8. Nbd2 Bd6 9. h3 Bh5 10. a3 O-O 11. Qe2 Rc8 12. O-O a6 13. g4 Bg6 14. Ne5 Bxd3 15. cxd3 Qb6 16. g5 Nxd4 17. Bxd4 Qxd4 18. Ndf3 Qf4 19. gxf6 gxf6 20. Ng4 f5 21. Ngh2 Kh8 22. Kh1 Rg8 23. Rg1 Rg6 24. d4 Rc3 25. Rad1 Rxb3 26. Rd3 Rxa3 27. Rxa3 Bxa3 28. Ne5 Qe4+ 29. Qxe4 Rxg1+ 30. Kxg1 fxe4 31. Nxf7+ Kg8 32. Nd8 b5 33. Nxe6 Bd6 34. Nf1 Kf7 35. Nd8+ Ke7 36. Nc6+ Kd7 37. Na5 Bc7 38. Nb3 a5 39. Ne3 Kc6 40. Kf1 a4 41. Nd2 b4 42. Ke2 Bb6 43. Nf5 b3 44. Nb1 Ba5 45. Kd1 Bb4 46. Ne7+ Bxe7 0-1

[Event "January 9 Late 2024"]
[Site "https://www.chess.com"]
[Date "2024.01.09"]
[Round "3"]
[White "Makarian, Rudik"]
[Black "Zubritskiy, Artyom"]
[Result "1-0"]
[Board "10"]
[TimeControl "180+1"]
[WhiteFideId "44105681"]
[BlackFideId "4181247"]
[WhiteElo "3086"]
[BlackElo "2850"]
[WhiteTeam "FID"]
[BlackTeam "FID"]
[WhiteClock "0:01:11"]
[BlackClock "0:00:00"]

1. d4 Nf6 2. c4 e5 3. dxe5 Ng4 4. e4 Nxe5 5. f4 Nec6 6. Nc3 Bc5 7. Nf3 d6 8. Na4 Bb4+ 9. Kf2 O-O 10. a3 Ba5 11. b4 Bb6+ 12. Nxb6 axb6 13. Bb2 Nd7 14. Bd3 Nf6 15. Re1 Re8 16. h3 h6 17. Kg1 Bd7 18. Qd2 Qe7 19. Re2 Qf8 20. Rae1 Nh7 21. Bc2 Ne7 22. e5 Bf5 23. exd6 cxd6 24. Rxe7 Rxe7 25. Bxf5 Rae8 26. Rxe7 Qxe7 27. Kh2 Nf6 28. Qd4 Qe3 29. a4 Qb3 30. Nd2 Qxb4 31. Ne4 Nh5 32. Bg4 Rxe4 33. Qxe4 Qxb2 34. Qe8+ Kh7 35. Bf5+ g6 36. Qxf7+ 1-0

[Event "January 9 Late 2024"]
[Site "https://www.chess.com"]
[Date "2024.01.09"]
[Round "3"]
[White "Schroeder, Jan-Christian"]
[Black "Bluebaum, Matthias"]
[Result "0-1"]
[Board "11"]
[TimeControl "180+1"]
[WhiteFideId "24662259"]
[BlackFideId "24651516"]
[WhiteElo "2846"]
[BlackElo "3078"]
[WhiteTeam "GER"]
[BlackTeam "GER"]
[WhiteClock "0:01:15"]
[BlackClock "0:01:58"]

1. e4 e6 2. d4 d5 3. e5 c5 4. c3 Nc6 5. Nf3 Nge7 6. Bd3 cxd4 7. cxd4 Nf5 8. Bxf5 exf5 9. Nc3 Be7 10. h4 O-O 11. Bg5 f6 12. exf6 Bxf6 13. O-O Bxg5 14. hxg5 f4 15. Qb3 Bg4 16. Qxb7 Bxf3 17. Qxc6 Qxg5 18. Qe6+ Kh8 19. Qh3 Bg4 20. Qd3 f3 21. Qe3 Qg6 22. Nxd5 fxg2 23. Rfe1 Qh5 0-1

[Event "January 9 Late 2024"]
[Site "https://www.chess.com"]
[Date "2024.01.09"]
[Round "3"]
[White "Oparin, Grigoriy"]
[Black "Pichot, Alan"]
[Result "1-0"]
[Board "12"]
[TimeControl "180+1"]
[WhiteFideId "24125890"]
[BlackFideId "110973"]
[WhiteElo "3060"]
[BlackElo "2845"]
[WhiteTeam "USA"]
[BlackTeam "ESP"]
[WhiteClock "0:00:09"]
[BlackClock "0:00:00"]

1. Nf3 Nf6 2. c4 e6 3. g3 d5 4. Bg2 d4 5. O-O Nc6 6. e3 e5 7. exd4 exd4 8. Re1+ Be7 9. d3 O-O 10. Bg5 Bf5 11. Na3 h6 12. Bxf6 Bxf6 13. Nc2 a5 14. Qd2 Qd6 15. a3 a4 16. Re2 Na5 17. Rae1 Nb3 18. Qd1 c6 19. h3 Bg6 20. Ne5 Bh7 21. f4 Rae8 22. Nb4 Re7 23. Ng4 Rfe8 24. Rxe7 Rxe7 25. Rxe7 Bxe7 26. Qe2 Nc5 27. Nf2 Qd8 28. Ne4 Nb3 29. Nc2 Kf8 30. Nf2 Nc5 31. h4 Nb3 32. Be4 Bg8 33. Kg2 Qd7 34. Bf3 f5 35. h5 Bf6 36. Nb4 Bf7 37. Nc2 Qe8 38. Qxe8+ Kxe8 39. Kf1 Ke7 40. Ke2 Kd6 41. Kd1 Kc5 42. Ne1 b5 43. cxb5 cxb5 44. Nc2 Be7 45. Nb4 Kd6 46. Nc6 Bf6 47. Kc2 Na1+ 48. Kd1 Nb3 49. Nb4 Nc5 50. Nh3 g5 51. hxg6 Bxg6 52. Ng1 h5 53. Ne2 Bf7 54. Kd2 Nb3+ 55. Ke1 h4 56. gxh4 Bxh4+ 57. Kd1 Bf2 58. Nc2 Bd5 59. Bxd5 Kxd5 60. Nb4+ Kc5 61. Na6+ Kd6 62. Nb4 Be3 63. Ke1 Bd2+ 64. Kd1 Kc5 65. Na6+ Kb6 66. Nb4 Kc5 67. Na6+ Kc6 68. Nb4+ Kd6 69. Na6 Be3 70. Nb4 Kc5 71. Na6+ Kb6 72. Nb4 Kc5 73. Nc2 Bf2 74. Nb4 Bh4 75. Ng1 Bg3 76. Nh3 Bh4 77. Ke2 Bf6 78. Ng5 Kd6 79. Nf3 Kc5 80. Ng5 Kd6 81. Nf7+ Kc5 82. Nh6 Bg7 83. Nxf5 Bf6 84. Ng3 Bh4 85. Ne4+ Kb6 86. f5 Kc7 87. Kf3 Kd7 88. Kg4 Be1 89. Nd5 Nc1 90. f6 Ke6 91. Nf4+ Kf7 92. Kf5 1-0

[Event "January 9 Late 2024"]
[Site "https://www.chess.com"]
[Date "2024.01.09"]
[Round "3"]
[White "Remizov, Yaroslav"]
[Black "Keymer, Vincent"]
[Result "1-0"]
[Board "13"]
[TimeControl "180+1"]
[WhiteFideId "34134015"]
[BlackFideId "12940690"]
[WhiteElo "2840"]
[BlackElo "3060"]
[WhiteTeam "RUS"]
[BlackTeam "GER"]
[WhiteClock "0:00:19"]
[BlackClock "0:00:08"]

1. e4 c6 2. d4 d5 3. Nc3 h6 4. Be3 dxe4 5. Nxe4 Bf5 6. Bd3 e6 7. c3 Nf6 8. Nxf6+ Qxf6 9. Bxf5 Qxf5 10. Qb3 b6 11. Ne2 Nd7 12. a4 Be7 13. a5 b5 14. O-O a6 15. c4 O-O 16. Rfc1 Rfc8 17. Ng3 Qg6 18. cxb5 cxb5 19. d5 e5 20. d6 Bxd6 21. Rxc8+ Rxc8 22. Qd5 Nc5 23. Rc1 b4 24. Bxc5 Bxc5 25. Rxc5 Qb1+ 26. Nf1 Rxc5 27. Qxc5 Qxb2 28. Qc8+ Kh7 29. Qxa6 Qc2 30. Qb5 b3 31. a6 b2 32. a7 b1=Q 33. Qxb1 Qxb1 34. a8=Q f6 35. h3 Qc1 36. Qa6 Qb1 37. Qe2 Kg8 38. Kh2 Qf5 39. Ng3 Qf4 40. Qc2 h5 41. Qf5 h4 42. Qxf4 exf4 43. Nh5 f3 44. gxf3 Kf7 45. Nf4 g5 46. Nd3 Ke6 47. Kg2 Kd5 48. Kf1 Kd4 49. Ke2 Kd5 50. Ke3 Ke6 51. f4 Kf5 52. fxg5 fxg5 53. Kf3 Kf6 54. Kg4 Kg6 55. Ne5+ Kf6 56. Nf3 1-0

[Event "January 9 Late 2024"]
[Site "https://www.chess.com"]
[Date "2024.01.09"]
[Round "3"]
[White "Grischuk, Alexander"]
[Black "Dourerassou, Jonathan"]
[Result "1-0"]
[Board "14"]
[TimeControl "180+1"]
[WhiteFideId "4126025"]
[BlackFideId "628050"]
[WhiteElo "3056"]
[BlackElo "2834"]
[WhiteTeam "RUS"]
[BlackTeam "FRA"]
[WhiteClock "0:00:23"]
[BlackClock "0:00:04"]

1. d4 Nf6 2. c4 g6 3. g3 Bg7 4. Bg2 O-O 5. Nc3 d6 6. Nf3 Nbd7 7. O-O a6 8. e4 c5 9. Re1 cxd4 10. Nxd4 Nc5 11. h3 Rb8 12. Be3 Bd7 13. Rc1 Re8 14. a3 Ne6 15. b4 Rc8 16. Nd5 Nxd5 17. exd5 Nxd4 18. Bxd4 Bxd4 19. Qxd4 a5 20. c5 axb4 21. axb4 Bb5 22. h4 h5 23. Rc3 Qd7 24. Kh2 Qg4 25. Re4 Qf5 26. Bh3 dxc5 27. Bxf5 cxd4 28. Rxc8 gxf5 29. Rxe8+ Bxe8 30. Rxd4 Kf8 31. Rc4 Bb5 32. Rc8+ Kg7 33. Rc7 Ba6 34. Rxe7 Kf6 35. d6 1-0

[Event "January 9 Late 2024"]
[Site "https://www.chess.com"]
[Date "2024.01.09"]
[Round "3"]
[White "Troff, Kayden"]
[Black "Sarana, Alexey"]
[Result "0-1"]
[Board "15"]
[TimeControl "180+1"]
[WhiteFideId "2047896"]
[BlackFideId "24133795"]
[WhiteElo "2828"]
[BlackElo "3050"]
[WhiteTeam "USA"]
[BlackTeam "SRB"]
[WhiteClock "0:00:01"]
[BlackClock "0:00:58"]

1. d4 Nf6 2. Nf3 d5 3. Bf4 e6 4. e3 c5 5. Nc3 Bd6 6. dxc5 Bxc5 7. Nb5 Na6 8. Ne5 O-O 9. c3 Nd7 10. Bd3 Nxe5 11. Bxe5 f6 12. Qh5 g6 13. Bxg6 Qe7 14. Bf4 hxg6 15. Qxg6+ Qg7 16. Qh5 Qh7 17. Qf3 Bd7 18. a4 Qe4 19. Qg3+ Kf7 20. Bd6 Rg8 21. Bxc5 Bxb5 22. Qd6 Bc4 23. Qe7+ Kg6 24. O-O-O Bb3 25. Rd2 Rge8 26. Qd6 Nxc5 27. Qxc5 Qxa4 28. Rd4 Qa1+ 29. Kd2 Qxb2+ 30. Ke1 Qb1+ 31. Ke2 Bc4+ 32. Kf3 Qf5+ 33. Rf4 Qh5+ 34. Rg4+ Kf7 35. Kg3 Re7 36. Rh4 Rg8+ 37. Kh3 Qf5+ 0-1

[Event "January 9 Late 2024"]
[Site "https://www.chess.com"]
[Date "2024.01.09"]
[Round "3"]
[White "Mikaelyan, Arman"]
[Black "Iturrizaga Bonelli, Eduardo"]
[Result "1-0"]
[Board "16"]
[TimeControl "180+1"]
[WhiteFideId "13304852"]
[BlackFideId "3901211"]
[WhiteElo "2819"]
[BlackElo "3042"]
[WhiteTeam "ARM"]
[BlackTeam "ESP"]
[WhiteClock "0:00:14"]
[BlackClock "0:00:00"]

1. Nf3 Nf6 2. g3 b6 3. Bg2 Bb7 4. c4 c5 5. O-O g6 6. b3 Bg7 7. Bb2 O-O 8. Nc3 e6 9. e3 Qe7 10. d4 Na6 11. d5 exd5 12. cxd5 d6 13. Nd2 Nc7 14. Nc4 Nd7 15. Qc2 Rab8 16. Rad1 Ne5 17. Rfe1 Nxc4 18. bxc4 Ba6 19. Bf1 f5 20. a4 Bc8 21. Ne2 Na6 22. Bxg7 Qxg7 23. Nf4 Nb4 24. Qd2 Re8 25. Bg2 Bd7 26. Ne6 Bxe6 27. dxe6 Rxe6 28. e4 fxe4 29. Rxe4 Rxe4 30. Bxe4 Rd8 31. Qg5 Qf8 32. h4 Re8 33. Bxg6 hxg6 34. Qxg6+ Kh8 35. Rxd6 Re1+ 36. Kg2 Re7 37. Qh5+ Rh7 38. Qe5+ Rg7 39. h5 Qa8+ 40. Kg1 Kg8 41. h6 Rf7 42. Rg6+ Kf8 43. Qh8+ 1-0

[Event "January 9 Late 2024"]
[Site "https://www.chess.com"]
[Date "2024.01.09"]
[Round "3"]
[White "Pranav, V"]
[Black "Velikanov, Alexander"]
[Result "1-0"]
[Board "17"]
[TimeControl "180+1"]
[WhiteFideId "25060783"]
[BlackFideId "2039290"]
[WhiteElo "3039"]
[BlackElo "2803"]
[WhiteTeam "IND"]
[BlackTeam "USA"]
[WhiteClock "0:01:35"]
[BlackClock "0:00:37"]

1. e4 e6 2. d3 d5 3. Nd2 Nf6 4. Ngf3 b6 5. g3 Be7 6. Bg2 O-O 7. O-O c5 8. Re1 Nc6 9. e5 Nd7 10. Nf1 b5 11. h4 Re8 12. h5 h6 13. N1h2 b4 14. Ng4 Bf8 15. Bf4 a5 16. c4 Nb6 17. Qe2 a4 18. Rad1 b3 19. a3 Ba6 20. Ne3 Nd4 21. Nxd4 cxd4 22. Ng4 dxc4 23. Bxh6 cxd3 24. Qf3 Nd5 25. Bd2 Rc8 26. h6 Rc2 27. hxg7 Bxg7 28. Nh6+ Kh8 1-0

[Event "January 9 Late 2024"]
[Site "https://www.chess.com"]
[Date "2024.01.09"]
[Round "3"]
[White "Tatarinov, Dmitry"]
[Black "Theodorou, Nikolas"]
[Result "0-1"]
[Board "18"]
[TimeControl "180+1"]
[WhiteFideId "24160067"]
[BlackFideId "4262875"]
[WhiteElo "2794"]
[BlackElo "3028"]
[WhiteTeam "RUS"]
[BlackTeam "GRE"]
[WhiteClock "0:01:48"]
[BlackClock "0:01:23"]

1. e4 b6 2. d4 Bb7 3. Nd2 d6 4. Ngf3 Nd7 5. Bd3 e5 6. d5 g6 7. O-O Bg7 8. a4 c6 9. dxc6 Bxc6 10. b3 Ngf6 11. Ba3 Nc5 12. Bxc5 bxc5 13. Bb5 Rc8 14. Bxc6+ Rxc6 15. Re1 O-O 16. Nc4 Re8 17. Qd3 d5 18. exd5 e4 19. Rxe4 Nxe4 20. dxc6 Bxa1 21. g3 Bd4 22. Nxd4 cxd4 23. b4 Qf6 0-1